 Dungeon Crawl Stone Soup version 0.20.1-1-g8b1a95d (webtiles) character file.

105 Monsterracer the Insei (level 4, -3/34 HPs)
             Began as a Demigod Transmuter on July 9, 2017.
             Slain by Rhok's ghost (15 damage)
             ... on level 4 of the Dungeon.
             The game lasted 00:10:29 (3475 turns).

Monsterracer the Insei (Demigod Transmuter)         Turns: 3475, Time: 00:10:30

Health: -3/34      AC:  2    Str: 10 (13) XL:     4   Next: 29%
Magic:  0/9        EV: 12    Int: 18 (19) God:
Gold:   89         SH:  0    Dex: 14 (16) Spells: 1/7 levels left

rFire    . . .     SeeInvis .     - Unarmed
rCold    . . .     Gourm    .   (no shield)
rNeg     + . .     Faith    .   b - +0 robe
rPois    .         Spirit   +   (no helmet)
rElec    .         Reflect  .   (no cloak)
rCorr    .         Harm     .   (no gloves)
MR       .....                  (boots currently unavailable)
Stlth    +.........             r - amulet of guardian spirit
Regen    0.2/turn               l - ring of positive energy
MPRegen  0.2/turn               (no ring)

@: appendage
A: talons 3, high mp 1
a: End Transformation


You were on level 4 of the Dungeon.
You were not hungry.
You had grown temporary talons.
You visited 1 branch of the dungeon, and saw 4 of its levels.

You collected 164 gold pieces.
You spent 75 gold pieces at shops.

Inventory:

Missiles
 a - 27 arrows
Armour
 b - a +0 robe (worn)
 e - a +0 buckler
Jewellery
 l - a ring of positive energy (left hand)
 r - an amulet of guardian spirit (around neck)
Scrolls
 f - 4 scrolls of identify
 j - 2 scrolls of fear
 k - a scroll of teleportation
 m - a scroll of immolation {unknown}
 n - a scroll of magic mapping
 p - a scroll of enchant armour
 s - a scroll of noise {unknown}
 u - a scroll of fog {unknown}
 v - a scroll of remove curse {unknown}
 w - a scroll of blinking
Potions
 h - 2 potions of heal wounds
 i - a potion of cancellation
Books
 c - a book of Changes

   Spells                             Type                      Level
   a - Beastly Appendage              Transmutation                1
   b - Sticks to Snakes               Transmutation                2
   c - Spider Form                    Transmutation/Poison         3
   d - Ice Form                       Ice/Transmutation            4
   e - Blade Hands                    Transmutation                5
Comestibles
 d - 3 bread rations
 g - 2 royal jellies
 o - a meat ration
 q - a fruit


   Skills:
 - Level 0.8 Fighting
 - Level 1.7 Dodging
 * Level 4.1 Unarmed Combat
 - Level 2.0 Spellcasting
 + Level 2.8 Transmutations


You had one spell level left.
You knew the following spells:

 Your Spells              Type           Power        Failure   Level  Hunger
a - Beastly Appendage     Tmut           ##....       5%          1    #......
b - Sticks to Snakes      Tmut           ##......     9%          2    ###....
c - Spider Form           Tmut/Pois      #.........   30%         3    ###....


Dungeon Overview and Level Annotations

Branches:
Dungeon (4/15)
 Temple: D:4-7

Shops:
D:4 ?

Annotations:
D:4 Rhok's ghost, novice MiFi


Innate Abilities, Weirdness & Mutations

You have an increased reservoir of magic. (+10% MP)
You have claws for feet.


Message History

Your adder bites Rhok's ghost but does no damage.
The worker ant closely misses your ball python.
You hit Rhok's ghost.
Rhok's ghost is lightly damaged.
Rhok's ghost hits you.
* * * LOW HITPOINT WARNING * * *
Your ball python barely misses Rhok's ghost.
Your ball python bites Rhok's ghost.
Your adder completely misses Rhok's ghost.
The worker ant bites your ball python.
Your ball python is poisoned.
The worker ant poisons your ball python!
Damage: -3%(-1hp) hp: 36%(12hp)
You closely miss Rhok's ghost.
You claw Rhok's ghost, but do no damage.
Rhok's ghost is lightly damaged.
Your ball python bites Rhok's ghost but does no damage. x2
Your adder closely misses Rhok's ghost.
Rhok's ghost hits you!
* * * LOW MAGIC WARNING * * *
You die...

#######.######>##..##...
........................
........................
........................
........................
........................
........................
#######'#########'##....
.....aS@...........#....
...$..WS...........#....
......S............#....
...................#...<
...................#....
...................#####
####'###.....###+##. ..
.....#


You could see a worker ant, Rhok's ghost, a friendly adder and 2 friendly ball
pythons.

Vanquished Creatures
  An adder (D:3)
  An ooze (D:2)
  4 worms
  4 leopard geckos
  An orc (D:3)
  A giant cockroach (D:3)
  10 goblins
  10 hobgoblins
  13 jackals (D:3)
  5 kobolds
  A quokka (D:3)
  4 bats
  5 frilled lizards
  7 rats
67 creatures vanquished.

Vanquished Creatures (others)
  An orc (D:2)
  A kobold (D:2)
2 creatures vanquished.

Grand Total: 69 creatures vanquished

Notes
Turn   | Place    | Note
-------+----------+-------------------------------------------
     0 | D:1      | Monsterracer the Demigod Transmuter began the quest for the Orb.
     0 | D:1      | Reached XP level 1. HP: 15/15 MP: 5/5
   589 | D:1      | Reached XP level 2. HP: 18/22 MP: 5/7
   660 | D:1      | Reached skill level 3 in Unarmed Combat
   713 | D:1      | Learned a level 2 spell: Sticks to Snakes
  1471 | D:2      | Found a shattered altar of Ashenzari.
  1614 | D:2      | Reached XP level 3. HP: 22/27 MP: 6/8
  2666 | D:3      | Learned a level 3 spell: Spider Form
  2825 | D:3      | Reached XP level 4. HP: 30/34 MP: 7/9
  2889 | D:3      | Reached skill level 4 in Unarmed Combat
  3342 | D:4      | Found Oskuokh's Magic Scroll Emporium.
  3348 | D:4      | Bought a scroll of blinking for 75 gold pieces
  3463 | D:4      | Noticed Rhok's ghost (novice MiFi)
  3475 | D:4      | Slain by Rhok's ghost

Skill      XL: |  1  2  3  4 |
---------------+-------------+-----
Transmutations | 2 |  2.8
Unarmed Combat | 3 4 |  4.1
Spellcasting   | 2 |  2.0
Fighting       | |  0.8
Dodging        | |  1.7

Action                   |  1- 3 |  4- 6 || total
-------------------------+-------+-------++-------
Melee: Unarmed           |   198 |    44 ||   242
       Kick              |    20 |     7 ||    27
       Headbutt          |     6 |     2 ||     8
       Punch             |     2 |       ||     2
 Cast: Beastly Appendage |    21 |     3 ||    24
       Sticks to Snakes  |       |     3 ||     3
       Spider Form       |       |     2 ||     2
  Use: Scroll            |       |     5 ||     5
       Potion            |       |     4 ||     4
 Stab: Sleeping          |     2 |     1 ||     3
       Distracted        |     1 |       ||     1
  Eat: Chunk             |     6 |     3 ||     9
Armor: Robe              |    30 |     5 ||    35
Dodge: Dodged            |   112 |    17 ||   129
